 Dungeon Crawl Stone Soup version 0.30.1-11-g7821555f0a (webtiles) character file.

Game seed: 9937145948828318031

4888 lonewolfV2 the Nimble (level 10, 0/83 HPs)
             Began as a Formicid Fighter on Nov 9, 2023.
             Was a Priest of the Shining One.
             Slain by an efreet
             ... wielding a +1 scimitar of flaming
              (3 damage)
             ... on level 8 of the Dungeon.
             The game lasted 00:11:03 (6596 turns).

lonewolfV2 the Nimble (Formicid Fighter)            Turns: 6596, Time: 00:11:03

Health: 0/83       AC: 15    Str: 24    XL:     10   Next: 79%
Magic:  16/16      EV:  9    Int:  9    God:    the Shining One [***...]
Gold:   622        SH:  0    Dex: 13    Spells: 9/9 levels left

rFire   . . .        a - +2 war axe (venom)
rCold   . . .        y - +0 kite shield
rNeg    + . .        z - +0 plate armour
rPois   .            (helmet unavailable)
rElec   .            (no cloak)
rCorr   .            (no gloves)
SInv    +            (no boots)
Will    +....        n - amulet of regeneration Stlth
                     j - ring of flight
HPRegen 1.13/turn    g - +4 ring of protection
MPRegen 0.15/turn

%: no passive effects
@: confused, divinely shielded, ambrosia-drunk, flying, glowing
A: permanent stasis, dig shafts and tunnels, antennae 3, four strong arms
a: Dig, Shaft Self, Renounce Religion, Divine Shield, Cleansing Flame


You were on level 8 of the Dungeon.
You worshipped the Shining One.
The Shining One was most pleased with you.
You visited 1 branch of the dungeon, and saw 8 of its levels.
You also visited: Sewer.

You collected 622 gold pieces.

Inventory:

Hand Weapons
 a - a +2 war axe of venom (weapon)
Missiles
 o - 2 throwing nets
Armour
 k - a +4 ring mail
 y - a +0 kite shield (worn)
 z - a +0 plate armour (worn)
Jewellery
 g - a +4 ring of protection (right hand)
 j - a ring of flight (left hand)
 n - an amulet of regeneration (around neck)
 w - a ring of protection from cold
Wands
 c - a wand of mindburst (10)
Scrolls
 b - 3 scrolls of identify
 e - a scroll of poison
 s - a scroll of amnesia
 u - a scroll of fear
 v - a scroll of fog {unknown}
 x - a scroll of vulnerability {unknown}
Potions
 d - 3 potions of might
 f - a potion of haste
 h - 4 potions of resistance {unknown}
 i - 2 potions of mutation
 l - a potion of ambrosia
 m - 3 potions of invisibility {unknown}
 p - a potion of curing {unknown}
 q - 2 potions of lignification
 r - a potion of degeneration
 t - 2 potions of berserk rage {unknown}


   Skills:
 + Level 9.0 Fighting
 - Level 2.0 Axes
 - Level 4.1 Armour
 * Level 9.9 Dodging
 - Level 4.0 Shields
 + Level 8.5 Invocations


You had 9 spell levels left.
You didn't know any spells.
Your spell library contained the following spells:

 Spells                   Type           Power      Damage    Failure   Level
 Freeze                   Ice            0%         1d3       100%        1
 Sting                    Tmut/Pois      0%         1d3       100%        1
 Poisonous Vapours        Pois/Air       0%         N/A       100%        2
 Sublimation of Blood     Necr           0%         N/A       100%        2
 Call Canine Familiar     Summ           0%         N/A       100%        3
 Dazzling Flash           Conj/Hex       0%         N/A       100%        3
 Frozen Ramparts          Ice            0%         1d1       100%        3
 Hailstorm                Conj/Ice       0%         3d3       100%        3
 Inner Flame              Hex/Fire       0%         N/A       100%        3
 Portal Projectile        Hex/Tloc       0%         N/A       100%        3
 Tukima's Dance           Hex            0%         N/A       100%        3
 Volatile Blastmotes      Fire/Tloc      0%         2d10      100%        3
 Flame Wave               Conj/Fire      0%         2d4       100%        4
 Iskenderun's Mystic Bla  Conj/Tloc      0%         2d3       100%        4
 Leda's Liquefaction      Hex/Erth       0%         N/A       100%        4
 Olgreb's Toxic Radiance  Pois           0%         N/A       100%        4
 Passage of Golubria      Tloc           0%         N/A       100%        4
 Sticky Flame             Conj/Fire      0%         2d3       100%        4
 Yara's Violent Unravell  Hex/Tmut       0%         3d3       100%        5
 Starburst                Conj/Fire      0%         6d3       100%        6


Dungeon Overview and Level Annotations

Branches:
Dungeon (8/15)             Temple (0/1) D:5           Sewer (visited)
   Lair: D:8-11

Altars:
Ashenzari
Dithmenos
Kikubaaqudgha
Makhleb
Okawaru
Qazlal
Sif Muna
Trog
Wu Jian
Yredelemnul
Zin
The Shining One

Shops:
D:8 :

Annotations:
D:5 2 transporters, Dordric's ghost, novice BaGl


Innate Abilities, Weirdness & Mutations

You cannot be hasted, slowed, berserked, paralysed or teleported.
You can dig through walls and to a lower floor.
You have a pair of large antennae on your head. (SInv)
Your four strong arms can wield two-handed weapons with a shield.


Message History

You hit the vampire.
The vampire is almost destroyed.
A bullfrog comes into view.
The vampire hits you but does no damage.
You block the vampire's attack.
The vampire hits you but does no damage.
The vampire bites you.
The bullfrog croaks.
You hit the vampire.
You destroy the vampire!
The Shining One accepts your kill.
The bullfrog hits you but does no damage.
You block the efreet's attack.
Your Fighting skill increases to level 9!
You hit the efreet.
The efreet is lightly wounded.
You slash the bullfrog!
The bullfrog is poisoned.
You block the bullfrog's attack. The bullfrog hits you.
The efreet hits you with a +1 scimitar of flaming!
The efreet burns you.
Your shield is strengthened by the Shining One's divine power.
You block the bullfrog's attack.
The efreet hits you with a +1 scimitar of flaming.
The efreet burns you.
* * * LOW HITPOINT WARNING * * *
The bullfrog closely misses you.
Activating: Cleansing Flame (16% risk of failure)
Press: ? - help, Dir - look around, f - activate You fail to use your ability.
You block the bullfrog's attack.
The efreet hits you with a +1 scimitar of flaming!
* * * LOW HITPOINT WARNING * * *
The efreet burns you.
* * * LOW HITPOINT WARNING * * *
You are confused.
You feel invigorated. The bullfrog hits you.
* * * LOW HITPOINT WARNING * * *
The efreet hits you with a +1 scimitar of flaming!
* * * LOW HITPOINT WARNING * * *
The efreet burns you.
You die...

##### #.#.### #... ....#
#)#.#.. #... ###.# #)#.#.#
{ #... #.# #.#.#.# #...
#.### #.#.#.# #... ###...#
####.#.#.# ......#
##.....#.#
.##...###..##..#R#
....####..###..#@# .##.#
#..## #..#F# ..#.###.##
#..#.# ..#.....# #..#.#
..#####.#####..#.. ###
..#####....##..########..^.
#.......##.##..............
..
#.#####.##.########....###
.. #...###.##.....###..####
..


You could see an efreet and a bullfrog (very poisoned).

Vanquished Creatures
  A vampire (D:8)
  4 yaks (D:8)
  3 steam dragons
  An acid dragon (D:8)
  3 ice beasts (D:6)
  An orc warrior (D:6)
  5 sky beasts (D:7)
  2 black bears (D:4)
  3 ogres
  3 centaurs
  7 kobold brigands (Sewer)
  A gnoll sergeant (D:8)
  2 bullfrogs
  4 scorpions
  8 wights
  An electric eel (D:8)
  A howler monkey (D:8)
  3 hounds
  A jelly (D:7)
  4 orc priests
  An iguana (D:6)
  5 orc wizards
  9 adders
  6 gnolls
  4 river rats (Sewer)
  3 white imps
  2 ufetubi
  5 worms (Sewer)
  6 dart slugs
  28 orcs
  9 endoplasms
  2 giant cockroaches
  13 goblins
  5 hobgoblins
  8 jackals
  5 quokkas
  8 ball pythons
  4 bats
  3 frilled lizards
  8 kobolds
  6 rats
198 creatures vanquished.

Notes
Turn   | Place    | Note
-------+----------+-------------------------------------------
     0 | D:1      | lonewolfV2 the Formicid Fighter began the quest for the
                  | Orb.
     0 | D:1      | Reached XP level 1. HP: 18/18 MP: 1/1
   111 | D:1      | Reached XP level 2. HP: 24/24 MP: 2/2
   212 | D:1      | Reached skill level 1 in Dodging
   364 | D:1      | Reached XP level 3. HP: 29/29 MP: 3/3
   671 | D:2      | Reached XP level 4. HP: 36/37 MP: 4/4
  1036 | D:3      | Reached XP level 5. HP: 42/42 MP: 5/5
  1189 | D:3      | Found a faded altar of an unknown god.
  1194 | D:3      | Found a broken altar of Ashenzari.
  1203 | D:3      | Prayed at the altar of an unknown god.
  1203 | D:3      | Became a worshipper of the Shining One
  1203 | D:3      | Reached * piety under the Shining One
  1395 | D:3      | Found a basalt altar of Yredelemnul.
  2119 | D:4      | Found a bloodstained altar of Trog.
  2119 | D:4      | Noticed a black bear
  2119 | D:4      | Noticed a black bear
  2130 | D:4      | Killed a black bear
  2131 | D:4      | Reached skill level 1 in Invocations
  2131 | D:4      | Reached XP level 6. HP: 39/49 MP: 5/7
  2136 | D:4      | Killed a black bear
  2220 | D:4      | You are sucked into a shaft and drop 1 floor!
  2220 | D:5      | Entered Level 5 of the Dungeon
  2291 | D:4      | Reached XP level 7. HP: 54/55 MP: 8/8
  2389 | D:4      | Found a shimmering blue altar of Sif Muna.
  2472 | D:4      | Reached skill level 5 in Fighting
  3212 | D:5      | Found a transporter.
  3248 | D:5      | Found a glowing golden altar of the Shining One.
  3267 | D:5      | Found a stormy altar of Qazlal.
  3416 | D:5      | Found a staircase to the Ecumenical Temple.
  3468 | D:5      | Reached ** piety under the Shining One
  3477 | D:5      | Reached skill level 5 in Dodging
  3498 | D:5      | Reached XP level 8. HP: 57/63 MP: 10/10
  3581 | D:5      | Found a transporter.
  3581 | D:5      | Noticed Dordric's ghost (novice BaGl)
  3974 | D:6      | Found a glowing drain.
  3986 | Sewer    | Entered a sewer
  4187 | Sewer    | Reached skill level 5 in Invocations
  4273 | Sewer    | Reached XP level 9. HP: 69/71 MP: 12/12
  4664 | D:6      | Found an ancient bone altar of Kikubaaqudgha.
  4755 | D:6      | Found a glowing silver altar of Zin.
  5292 | D:6      | Found a shadowy altar of Dithmenos.
  5488 | D:7      | Reached *** piety under the Shining One
  5503 | D:7      | Reached XP level 10. HP: 41/80 MP: 15/15
  5594 | D:7      | Found a burning altar of Makhleb.
  5660 | D:7      | Got the Grimoire of the Warrior-Mage
  6240 | D:8      | Found an iron altar of Okawaru.
  6247 | D:8      | Found an ornate altar of the Wu Jian Council.
  6332 | D:8      | Found Xizuohum's Self-Improvement Boutique.
  6585 | D:8      | Noticed an efreet
  6596 | D:8      | HP: 3/83 [efreet/+1 scimitar of flaming (11)]
  6596 | D:8      | Slain by an efreet

Illustrated notes

Levels and vault maps discovered:
D:1:      ncdulo_smallfort, layout_basic, st_stairs_6
D:2:      layout_rooms, minmay_misc_feat_nine_boxes
D:3:      layout_loops_corners, mainiacjoe_overflow_paths,
          nicolae_overflow_ecumenical_swirl
D:4:      layout_loops_corners, mainiacjoe_overflow_six_doors_small,
          trog_ov_bears_minmay, glass_columns_b, mrwooster_statue_mirror,
          dreamdust_princess_bridge
D:5:      layout_loops_ring, mainiacjoe_overflow_tiny_flanked, tso_metal_star,
          temple_green, gammafunk_ghost_mausoleum
D:6:      layout_loops_ring, zin_treasury, mainiacjoe_overflow_surrounded_room,
          kennysheep_mini_moat, portal_sewer_entry_d
D:7:      layout_cave_pools, general_overflow_altar, serial_column_ruins,
          column_ruins_courtyard_long, column_ruins_corridor_straight,
          column_ruins_columns_straight, column_ruins_open_small,
          column_ruins_grid_2, column_ruins_grid_1, chequers_mini_garden,
          hangedman_misty_isle
D:8:      minmay_distorted_concentric_squares, layout_basic,
          nicolae_overflow_squiral, enter_ossuary_3, st_stairs_14,
          nicolae_shop_self_help

Skill      XL: |  1  2  3  4  5  6  7  8  9 10 |
---------------+-------------------------------+-----
Dodging        | 1 2 3 4 5 6 8 9 |  9.9
Fighting       | 4 5 6 7 9 |  9.0
Armour         | 4 |  4.1
Invocations    | 1 2 3 5 7 8 |  8.5
Axes           | |  2.0
Shields        | |  4.0

Action                     |  1- 3 |  4- 6 |  7- 9 | 10-12 || total
---------------------------+-------+-------+-------+-------++-------
  Melee: War axe           |    80 |    77 |   271 |    99 ||   527
 Invoke: Divine Shield     |       |       |       |     3 ||     3
Ability: Dig               |       |       |     1 |       ||     1
    Use: Scroll            |     4 |     9 |     6 |       ||    19
         Potion            |       |       |       |     2 ||     2
 Armour: Scale mail        |    15 |       |       |       ||    15
         Ring mail         |    21 |    55 |   104 |     7 ||   187
         Plate armour      |       |       |       |    45 ||    45
  Dodge: Dodged            |    70 |    79 |   204 |    53 ||   406
  Block: Buckler           |    24 |    19 |    73 |    10 ||   126
         Kite shield       |       |       |       |    72 ||    72
